cohdb
Replays
Latest Replays
All Replays
Popular Replays
Top Player Replays
Match Explorer
How It Works
Community
CoH3 Stats
Reddit
Sign in to upload your games and track your stats! →
Sign in with Steam
Match 42810401
Unlisted
Match 42810401
Overview
Messages
Build Orders
End
Engineer Squad
Construct Barracks
Riflemen Squad
Riflemen Squad
.30 cal Machine Gun
Riflemen Squad
Infantry Support Center
Construct Medical Station
M1918 Browning Automatic Rifles
Riflemen Squad
Riflemen Squad
Selects Advanced Infantry Battlegroup
Selects Convert to Ranger Squad
Selects Artillery Observers
Ranger Squad
Advanced Logistics
Selects Frontline Medical Station
Selects Infantry Assault
Infantry Assault
Survival Training
Grenade Package
Ranger Squad
Infantry Assault
Ranger Squad
Infantry Assault
Construct Tank Depot
Infantry Assault
Selects M2A1 105mm Howitzer Emplacement
Selects 155mm Rapid Artillery Barrage
M18 Hellcat Tank Destroyer
ßoo
Golden
0
0
Comments
sign in to comment!
No comments posted yet!